Map: Orbital Shipyard

Players

HTOMario - Winner!

  • Race: Terran Terran
  • League: Grandmaster

Jamie

  • Race: Zerg Zerg
  • League: Master

VOD

Have the link to the VOD?

Description

Time

  • Played on: Nov. 24, 2015, 10:28 a.m.
  • Length: 5:37
Show
View Real Time Build Order
Export as new Build Order

HTOMario Terran - Winner!

Build Orders: Reaper Expand, Hellion Banshee 

Get SALT Encoding   

  12  0:01  SCV  
  13  0:13  SCV  
  14  0:17  Supply Depot  
  14  0:25  SCV  
  15  0:39  SCV, Barracks  
  16  0:44  Refinery  
  16  0:51  SCV  
  17  1:03  SCV  
  18  1:16  SCV  
  19  1:28  Orbital Command  
  19  1:30  Reaper  
  20  1:40  Command Center  
  20  1:52  Supply Depot  
  20  1:54  Refinery  
  20  1:55  SCV  
  21  2:02  Marine  
  21  2:07  SCV  
  23  2:16  Factory  
  23  2:19  SCV  
  24  2:24  Barracks Reactor  
  24  2:31  SCV  
  25  2:43  SCV  
  26  2:55  SCV, Orbital Command  
  26  3:07  Barracks Tech Lab, Starport  
  26  3:08  Hellion x2  
  26  3:11  SCV  
  31  3:13  Supply Depot  
  31  3:23  SCV x2  
  33  3:29  Hellion x2  
  37  3:35  SCV x2, Supply Depot  
  37  3:36  Barracks Tech Lab  
  39  3:47  SCV  
  39  3:48  SCV  
  41  3:51  Hellion x2  
  41  3:52  Cloaking Field  
  45  3:56  Banshee  
  45  4:00  Marauder  
  50  4:04  SCV x2  
  50  4:07  Supply Depot  
  52  4:19  Armory, SCV x2  
  52  4:21  Hellion x2  
  60  4:24  Marauder  
  60  4:31  Supply Depot, SCV x2  
  62  4:43  SCV  
  62  4:44  SCV  
  64  4:46  Marauder  
  64  4:47  Hellion x2  
  64  4:52  Banshee  
  70  4:56  SCV x2  
  75  5:08  SCV x2  
  75  5:13  Barracks  
  77  5:15  Barracks  
Show
View Real Time Build Order
Export as new Build Order

Jamie Zerg 

Build Orders: Hatch First 

Get SALT Encoding   

  12  0:00  Drone  
  13  0:08  Drone  
  14  0:17  Overlord  
  14  0:25  Drone, Extractor  
  15  0:35  Drone x2  
  17  0:45  Drone  
  18  0:55  Hatchery  
  17  1:01  Drone  
  18  1:13  Spawning Pool  
  18  1:17  Drone  
  18  1:19  Drone  
  19  1:29  Drone  
  20  1:37  Overlord  
  20  1:46  Hatchery  
  19  2:00  Queen  
  21  2:02  Zergling x2  
  21  2:07  Queen  
  24  2:18  Drone x3  
  24  2:22  Overlord  
  27  2:30  Drone x2  
  27  2:36  Extractor  
  28  2:42  Drone, Queen  
  31  2:44  Drone  
  32  2:58  Extractor  
  32  2:59  Drone  
  32  3:00  Drone x3  
  32  3:02  Queen  
  37  3:15  Drone x3  
  37  3:16  Drone x2  
  42  3:29  Overlord x2  
  42  3:31  Spore Crawler  
  41  3:34  Baneling Nest  
  40  3:45  Drone x3  
  40  3:46  Drone x2  
  45  3:51  Metabolic Boost  
  45  3:52  Evolution Chamber x2  
  43  4:23  Lair  
  43  4:26  Extractor  
  43  4:28  Extractor  
  41  4:36  Zergling x12  
  41  4:37  Zergling x24  
  59  4:48  Drone x3  
  56  5:06  Baneling x3  
  55  5:07  Zergling x2  
  55  5:08  Zergling x12  
  55  5:13  Drone x3  
  65  5:20  Baneling x2  
  59  5:33  Spine Crawler  
Tags
 
Add a new tag
Caveats
  • Supply blocks, unpowered buildings, or Contaminate may cause inaccurate times.
  • Supply counts are checked every 10 seconds.